 Dungeon Crawl Stone Soup version 0.28.0-45-g0d030f2227 (webtiles) character file.

Game seed: 3693917070695709542

1129 Fartwhistle the Changer (level 8, -26/72 HPs)
             Began as a Naga Transmuter on Apr 15, 2022.
             Killed by an exploding hound (48 damage)
             ... ignited by their inner flame
             ... on level 6 of the Dungeon.
             The game lasted 00:18:33 (8499 turns).

Fartwhistle the Changer (Naga Transmuter)           Turns: 8499, Time: 00:18:33

Health: -26/72     AC:  2    Str: 12    XL:     8   Next: 35%
Magic:  11/14      EV: 25    Int: 16    God:
Gold:   332        SH:  0    Dex: 17    Spells: 9/15 levels left

rFire   . . .      SeeInvis +     - Unarmed
rCold   . . .      Faith    .   (shield currently unavailable)
rNeg    . . .      Spirit   .   (armour currently unavailable)
rPois   x          Reflect  .   (helmet currently unavailable)
rElec   .          Harm     .   (cloak currently unavailable)
rCorr   .          Rampage  .   (gloves currently unavailable)
Will    +....                   (no barding)
Stlth   ++........              (no amulet)
HPRegen 0.22/turn               z - +4 ring of evasion
MPRegen 0.14/turn               (no ring)

@: about to teleport, spider-form
A: venomous fangs, AC +2, tiny, see invisible, (deformed body), (poison
resistance), (slowness 2), spit poison 1, (naga tail 1)
a: Spit Poison, End Transformation


You were on level 6 of the Dungeon.
You were a venomous arachnid creature.
You visited 2 branches of the dungeon, and saw 7 of its levels.

You collected 332 gold pieces.

Inventory:

Armour
 a - a +0 robe (melded)
 d - a +0 cloak (melded)
 o - a +0 buckler
 q - a +0 pair of gloves (melded)
Jewellery
 l - a ring of positive energy
 z - a +4 ring of evasion (left front leg)
Wands
 n - a wand of iceblast (5)
 u - a wand of paralysis (14)
 w - a wand of digging (8)
Scrolls
 c - a scroll of teleportation
 e - 2 scrolls of identify
 i - a scroll of blinking {unknown}
 j - a scroll of enchant armour {unknown}
 v - a scroll of brand weapon {unknown}
 x - a scroll of fog {unknown}
 y - a scroll of vulnerability
Potions
 b - 2 potions of attraction {unknown}
 g - 2 potions of might {unknown}
 h - 2 potions of magic {unknown}
 k - 2 potions of brilliance {unknown}
 m - 2 potions of flight {unknown}
 p - a potion of resistance {unknown}
 r - a potion of mutation {unknown}
 A - a potion of heal wounds {unknown}


   Skills:
 + Level 4.2 Fighting
 + Level 3.8 Dodging
 - Level 3.0 Unarmed Combat
 + Level 4.2 Spellcasting
 + Level 5.5 Transmutations
 - Level 4.0 Poison Magic


You had 9 spell levels left.
You knew the following spells:

 Your Spells              Type           Power      Damage    Failure   Level
a - Beastly Appendage     Tmut           42%        N/A       7%          1
b - Spider Form           Tmut/Pois      18%        N/A       19%         3
c - Wereblood             Tmut           21%        N/A       10%         2

Your spell library contained the following spells:

 Spells                   Type           Power      Damage    Failure   Level
 Call Canine Familiar     Summ           3%         N/A       67%         3
 Portal Projectile        Hex/Tloc       6%         N/A       67%         3
 Ice Form                 Ice/Tmut       12%        N/A       67%         4
 Leda's Liquefaction      Hex/Erth       1%         N/A       95%         4


Dungeon Overview and Level Annotations

Branches:
Dungeon (6/15)             Temple (1/1) D:4

Altars:
Ashenzari
Dithmenos
Elyvilon
Gozag
Hepliaklqana
Kikubaaqudgha
Makhleb
Nemelex Xobeh
Okawaru
Qazlal
Uskayaw
Vehumet
Wu Jian
Xom
Yredelemnul
The Shining One

Shops:
D:5 *   D:6 *(

Annotations:
D:2 exclusion: downstairs


Innate Abilities, Weirdness & Mutations

You are a venomous arachnid creature.
You have poisonous fangs.
You are tiny and dextrous.
Your spellcasting is less reliable in this form.
Your armour is entirely melded.
You are incapable of wielding weapons or throwing items.
((Your serpentine skin is tough. (AC +2)))
You have supernaturally acute eyesight. (SInv)
((Armour fits poorly on your strangely shaped body.))
((Your system is resistant to poisons. (rPois)))
((You cover ground very slowly.))
You can spit poison.
((You have a snake-like lower body.))


Message History

The hound is severely wounded.
Your transformation has ended.
Your +0 cloak unmelds from your body.
Your +0 pair of gloves unmelds from your body.
Your +0 robe unmelds from your body.
The hound bites you.
* * * LOW HITPOINT WARNING * * *
Your bullfrog skeleton hits the sky beast.
The orc warrior hits your bullfrog skeleton from afar with a +0 glaive!!
Casting: Spider Form (dangerous; 7% risk of failure)
Confirm with . or Enter, or press ? or * to list all spells.
You turn into a venomous arachnid creature.
Your +0 cloak melds into your body.
Your +0 pair of gloves melds into your body.
Your +0 robe melds into your body.
The hound barely misses you.
Your bullfrog skeleton closely misses the sky beast.
The orc warrior barely misses your bullfrog skeleton.
The hound closely misses you.
You barely miss the hound.
The hound is severely wounded.
Your bullfrog skeleton hits the sky beast.
The hound completely misses you.
The orc warrior hits your bullfrog skeleton from afar with a +0 glaive!
Your bullfrog skeleton is destroyed!
Your bullfrog skeleton dissolves into shadows!
As you read the scroll labelled ILOUFINONT, it crumbles to dust.
It is a scroll of identify.
y - a scroll of vulnerability The hound completely misses you. x2
As you read the scroll labelled ZYSIX OSOUMI, it crumbles to dust.
The creatures around you are filled with an inner flame!
It was a scroll of immolation.
The hound completely misses you.
As you read the scroll labelled NEUCAI PAMEMI, it crumbles to dust.
You feel strangely unstable.
It was a scroll of teleportation.
Flame seeps out of the hound.
The hound is engulfed in blazing flames.
The hound's corpse dissolves into shadows!
The hound explodes!
The fiery explosion engulfs you!!!
Ouch! That really hurt!
You die...

.#.#.#.#
.#.#.#.# ......
.#.#.#.# ...oo
.#.#.#.# #+#..o.
.....#.#...
.....
##.###.#..# ....
#.# #.#..# #..
#.# #.#..#
#.##+# #.#
#.#..# #.##s#
#.# #.#..#
#..#○# #.#
#.#..####.#Y####
#.#
#.#))...5.oo...#
#.#
#.#.#####...##.#
#.#
#.#...).....# #
#.#
#..........##
#.# ##########.#
#.# #.# #


You could see an orc warrior, a sky beast (summoned, inner flame) and an orc
(inner flame).

Vanquished Creatures
  Grinder (D:4)
  Menkaure (D:5)
  A black bear (D:4)
  2 ogres
  A scorpion (D:5)
  A water moccasin skeleton (D:5)
  A jelly (D:6)
  A hound (D:5)
  An orc priest (D:6)
  4 iguanas
  Ijyb (D:4)
  Natasha (D:1)
  5 gnolls
  5 adders
  A shadow imp (D:5)
  2 ufetubi
  A dart slug (D:3)
  3 worms
  4 orcs
  14 endoplasms
  4 giant cockroaches
  9 hobgoblins
  5 kobolds
  2 quokkas
  3 ball pythons
  A bat (D:2)
  6 frilled lizards
  3 goblins
  5 rats
89 creatures vanquished.

Notes
Turn   | Place    | Note
-------+----------+-------------------------------------------
     0 | D:1      | Fartwhistle the Naga Transmuter began the quest for the
                  | Orb.
     0 | D:1      | Reached XP level 1. HP: 18/18 MP: 3/3
    16 | D:1      | Reached XP level 2. HP: 5/25 MP: 3/5
   457 | D:1      | Reached skill level 3 in Transmutations
  1022 | D:1      | Reached XP level 3. HP: 22/31 MP: 4/6
  1026 | D:1      | Learned a level 3 spell: Spider Form
  2631 | D:2      | Noticed Natasha
  2654 | D:1      | Killed Natasha
  2655 | D:1      | Reached skill level 4 in Transmutations
  2655 | D:1      | Reached skill level 1 in Poison Magic
  2655 | D:1      | Reached XP level 4. HP: 8/38 MP: 2/7
  3981 | D:3      | Reached XP level 5. HP: 32/44 MP: 8/8
  4408 | D:3      | Found an ornate altar of the Wu Jian Council.
  5298 | D:4      | Noticed Ijyb
  5310 | D:4      | Noticed a black bear
  5315 | D:4      | Killed Ijyb
  5582 | D:4      | Noticed Grinder
  5644 | D:4      | Paralysed by Grinder for 7 turns
  5797 | D:4      | Paralysed by Grinder for 6 turns
  5801 | D:4      | Killed Grinder
  5802 | D:4      | Reached XP level 6. HP: 31/55 MP: 6/10
  5935 | D:4      | Learned a level 2 spell: Wereblood
  6035 | D:4      | Found a staircase to the Ecumenical Temple.
  6079 | Temple   | Entered the Ecumenical Temple
  6463 | D:4      | Reached XP level 7. HP: 51/61 MP: 5/11
  6774 | D:5      | Entered Level 5 of the Dungeon
  6774 | D:5      | Found Cumu's Assorted Antiques.
  7064 | D:5      | Reached skill level 5 in Transmutations
  7221 | D:5      | Noticed Menkaure
  7237 | D:5      | Killed Menkaure
  7238 | D:5      | Reached XP level 8. HP: 72/72 MP: 8/13
  8266 | D:6      | Found Latirph's General Store.
  8267 | D:6      | Found Saoshraa's Weapon Shoppe.
  8399 | D:6      | Found a shadowy altar of Dithmenos.
  8499 | D:6      | Killed by an exploding hound... ignited by their inner
                  | flame

Illustrated notes

Levels and vault maps discovered:
D:1:      minmay_arrival_plants_in_alcoves, layout_basic
D:2:      layout_loops_ring, uniq_natasha
D:3:      layout_basic, nicolae_wu_jian_immortal_techniques
D:4:      layout_rooms, minmay_temple_entry_glassed_door,
          grunt_decor_mini_mirrors, kennysheep_dice, uniq_ijyb, uniq_grinder
D:5:      layout_basic, serial_shops, nicolae_diamond_shop,
          chequers_serial_rivers_micro_c, uniq_menkaure
D:6:      nicolae_cairo_tiling_very_big, layout_basic,
          mainiacjoe_overflow_big_doors, grunt_dithmenos_smoke,
          chequers_big_river, nicolae_wooded_promenade,
          kennysheep_generic_room_9
Temple:   eino_temple_water

Skill      XL: |  1  2  3  4  5  6  7  8 |
---------------+-------------------------+-----
Transmutations | 3 4 5 |  5.5
Poison Magic   | 1 3 4 |  4.0
Fighting       | 2 3 4 |  4.2
Dodging        | 2 3 |  3.8
Spellcasting   | 3 4 |  4.2
Unarmed Combat | |  3.0

Action                   |  1- 3 |  4- 6 |  7- 9 || total
-------------------------+-------+-------+-------++-------
Melee: Unarmed           |   106 |   132 |   103 ||   341
       Headbutt          |    14 |    17 |     2 ||    33
       Punch             |       |     1 |       ||     1
 Cast: Beastly Appendage |    24 |    22 |     1 ||    47
       Spider Form       |     1 |    11 |    17 ||    29
       Wereblood         |       |     1 |     5 ||     6
 Abil: Spit Poison       |    18 |    23 |     6 ||    47
Evoke: Wand              |       |       |     3 ||     3
  Use: Potion            |     1 |       |     1 ||     2
       Scroll            |       |       |     4 ||     4
 Stab: Sleeping          |       |     2 |       ||     2
       Paralysed         |       |       |     8 ||     8
Armor: Robe              |    12 |    22 |     3 ||    37
       Skin              |       |     1 |     4 ||     5
Dodge: Dodged            |    46 |    60 |   118 ||   224
